 Dungeon Crawl Stone Soup version 0.30-a0-585-g93115170b9 (webtiles) character file.

Game seed: 16101700544549368137

239 Citaku the Covered (level 6, 0/48 HPs)
             Began as a Human Fighter on Jan 2, 2023.
             Was a Follower of Trog.
             Slain by a scorpion (1 damage)
             ... on level 5 of the Dungeon.
             The game lasted 00:06:48 (2578 turns).

Citaku the Covered (Human Fighter)                  Turns: 2578, Time: 00:06:48

Health: 0/48       AC:  7    Str: 16    XL:     6   Next: 29%
Magic:  6/6        EV:  8    Int: 11    God:    Trog [*.....]
Gold:   103        SH:  0    Dex: 12    Spells: 5/5 levels left

rFire   . . .      SeeInvis +    a - +0 war axe
rCold   . . .      Faith    .    c - +0 buckler
rNeg    . . .      Spirit   .    b - +0 scale mail
rPois   .          Reflect  .    (no helmet)
rElec   .          Harm     .    (no cloak)
rCorr   .          Rampage  .    (no gloves)
Will    .....                    (no boots) Stlth
                                 (no amulet)
HPRegen 0.28/turn                h - ring of see invisible
MPRegen 0.10/turn                (no ring)

@: confused
A: no striking features
a: Renounce Religion, Berserk


You were on level 5 of the Dungeon.
You worshipped Trog.
Trog was aware of your devotion.
You visited 1 branch of the dungeon, and saw 5 of its levels.

You collected 103 gold pieces.

Inventory:

Hand Weapons
 a - a +0 war axe (weapon)
Armour
 b - a +0 scale mail (worn)
 c - a +0 buckler (worn)
Jewellery
 h - a ring of see invisible (left hand)
Scrolls
 f - a scroll of fog
 g - a scroll of amnesia {unknown}
 i - a scroll of vulnerability {unknown}
 k - 4 scrolls of identify {unknown}
 l - 2 scrolls of silence {unknown}
Potions
 d - a potion of might
 j - a potion of berserk rage {unknown}
 m - a potion of flight {unknown}
 n - a potion of heal wounds {unknown}


   Skills:
 + Level 4.1 Fighting
 * Level 4.1 Axes
 + Level 4.2 Armour
 - Level 3.4 Shields


You had 5 spell levels left.
You didn't know any spells.
Your spell library contained the following spells:

 Spells                   Type           Power      Damage    Failure   Level
 Cigotuvi's Dreadful Rot  Necr/Pois/Air  0%         N/A       94%         2
 Poisonous Vapours        Pois/Air       0%         N/A       94%         2
 Mephitic Cloud           Conj/Pois/Air  0%         N/A       99%         3
 Borgnjor's Revivificati  Necr           0%         N/A       100%        8
 Necromutation            Tmut/Necr      0%         N/A       100%        8
 Death's Door             Necr           0%         N/A       100%        9


Dungeon Overview and Level Annotations

Branches:
Dungeon (6/15)
 Temple: D:4-7

Altars:
Trog


Message History

The quokka bites you.
* * * LOW HITPOINT WARNING * * *
The quokka attacks as you move away! The quokka barely misses you.
The scorpion stings you but does no damage.
The quokka bites you.
* * * LOW HITPOINT WARNING * * *
The scorpion stings you.
* * * LOW HITPOINT WARNING * * *
The scorpion stings you.
* * * LOW HITPOINT WARNING * * *
You see here 4 poisoned darts.
The quokka bites you but does no damage.
The scorpion barely misses you. The quokka barely misses you.
The quokka bites you but does no damage.
The quokka attacks as you move away!
The quokka bites you but does no damage.
The scorpion stings you but does no damage.
The orc wizard mumbles some strange words.
The orc wizard flickers and vanishes for a moment.
The scorpion stings you.
* * * LOW HITPOINT WARNING * * *
The quokka bites you but does no damage.
The quokka attacks as you move away! The quokka barely misses you.
The scorpion attacks as you move away!
The scorpion stings you but does no damage.
The quokka closely misses you. The scorpion stings you.
* * * LOW HITPOINT WARNING * * *
The quokka bites you but does no damage.
The scorpion stings you but does no damage.
The quokka twitches its whiskers.
The orc wizard closely misses you. You block the scorpion's attack.
The scorpion closely misses you.
You see here a +0 robe.
The quokka bites you but does no damage.
The orc wizard points at you and mumbles some strange words.
You are confused.
The quokka bites you.
* * * LOW HITPOINT WARNING * * *
The scorpion stings you.
You die...

#...### #..........#
#.....## #..........#
....#..#### ##..........#
...####...####.....†.....#
...# #..................#
..## #...###..###......##
.## #..## ##..######### .#
#..# #.....### ## #..#
##...@...## # ###..#
#...ors...###
#####)...###.....###...##
#.#.#.#..##.....## ###..#
........###....## ####
##+##.#.##....##
#..)#...##..(.#
+..÷(.#.#....##
#...#.§.#...##


You could see a scorpion, an orc wizard (invisible) and a quokka.

Vanquished Creatures
  A scorpion (D:5)
  2 hounds
  A gnoll (D:1)
  4 adders
  2 worms
  2 dart slugs
  3 orcs (D:5)
  8 ball pythons
  8 bats
  2 endoplasms (D:1)
  2 giant cockroaches (D:2)
  4 goblins
  7 hobgoblins
  4 jackals (D:1)
  4 kobolds (D:1)
  2 quokkas
  3 frilled lizards
  2 rats (D:1)
61 creatures vanquished.

Notes
Turn   | Place    | Note
-------+----------+-------------------------------------------
     0 | D:1      | Citaku the Human Fighter began the quest for the Orb.
     0 | D:1      | Reached XP level 1. HP: 18/18 MP: 1/1
    46 | D:1      | Reached XP level 2. HP: 13/24 MP: 2/2
   421 | D:1      | Reached XP level 3. HP: 29/29 MP: 3/3
   901 | D:2      | Reached XP level 4. HP: 31/35 MP: 4/4
  1391 | D:2      | Found a faded altar of an unknown god.
  1397 | D:2      | Prayed at the altar of an unknown god.
  1397 | D:2      | Became a worshipper of Trog the Wrathful
  1397 | D:2      | Reached * piety under Trog
  1625 | D:3      | Reached XP level 5. HP: 39/41 MP: 5/5
  2250 | D:3      | You fall into a shaft and drop 2 floors!
  2250 | D:5      | Entered Level 5 of the Dungeon
  2371 | D:5      | Reached XP level 6. HP: 26/48 MP: 6/6
  2555 | D:6      | Noticed a black bear
  2570 | D:5      | HP: 2/48 [scorpion (2)]
  2578 | D:5      | HP: 1/48 [quokka (2)]
  2578 | D:5      | Slain by a scorpion

Illustrated notes

Levels and vault maps discovered:
D:1:      sevenhm_arrival_forest_fort_small_5, layout_basic
D:2:      layout_basic, dreamdust_ecumenical_altar_angels_and_demons
D:3:      layout_basic
D:5:      layout_cave_pods, minmay_crystal_water, minmay_misc_feat_doors,
          sword_in_stone
D:6:      layout_loops_cross, minmay_temple_entry_waves, minmay_manual_mares

Skill      XL: |  1  2  3  4  5 |
---------------+----------------+-----
Axes           | 3 4 |  4.1
Armour         | 4 |  4.2
Fighting       | 4 |  4.1
Shields        | |  3.4

Action                   |  1- 3 |  4- 6 || total
-------------------------+-------+-------++-------
Melee: War axe           |    73 |   128 ||   201
  Use: Scroll            |       |     2 ||     2
Armor: Scale mail        |    65 |   122 ||   187
Dodge: Dodged            |    52 |   112 ||   164
Block: Buckler           |    36 |    61 ||    97

Table legend: (Time is in decaauts)
 A = Elapsed time spent in this place.
 B = Non-inter-level travel time spent in this place.
 C = Inter-level travel time spent in this place.
 D = Time resting spent in this place.
 E = Time spent auto-exploring this place.
 F = Levels seen in this place.
 G = Mean time per level.
                   A        B        C        D        E       F      G
               +--------+--------+--------+--------+--------+-----+--------+
         Total |   2659 |   2659 |      0 |     60 |   1503 |   5 |  531.8 |
       Dungeon |   2659 |   2659 |      0 |     60 |   1503 |   5 |  531.8 |
               +--------+--------+--------+--------+--------+-----+--------+

Top non-repeatable levels by time:
     D:1: 924 daAuts
     D:2: 727 daAuts
     D:3: 668 daAuts
     D:5: 336 daAuts
     D:6: 1 daAuts
